 Dungeon Crawl Stone Soup version 0.30-a0-930-gb9d0489357 (webtiles) character file.

Game seed: 11957725460025876395

113 Pooter the Shooter (level 4, -2/39 HPs)
             Began as a Minotaur Hunter on Mar 23, 2023.
             Blown up by Ijyb (16 damage)
             ... with a mindburst bolt
             ... on level 3 of the Dungeon.
             The game lasted 00:09:40 (1943 turns).

Pooter the Shooter (Minotaur Hunter)                Turns: 1943, Time: 00:09:41

Health: -2/39      AC:  7    Str: 15    XL:     4   Next: 65%
Magic:  3/3        EV: 10    Int:  6    God:
Gold:   35         SH:  0    Dex: 16    Spells: 3/3 levels left

rFire   . . .      SeeInvis .    a - +0 long sword
rCold   . . .      Faith    .    (no shield)
rNeg    + . .      Spirit   .    m - +0 scale mail
rPois   .          Reflect  .    (helmet restricted)
rElec   .          Rampage  .    (no cloak)
rCorr   +                        j - +0 pair of gloves
Will    .....                    (no boots) Stlth
                                 (no amulet)
HPRegen 0.26/turn                C - ring of resist corrosion
MPRegen 0.08/turn                N - ring of positive energy

@: no status effects
A: horns 2, retaliatory headbutt
a: no special abilities


You were on level 3 of the Dungeon.
You visited 1 branch of the dungeon, and saw 3 of its levels.

You collected 204 gold pieces.
You spent 169 gold pieces at shops.

Inventory:

Hand Weapons
 a - a +0 long sword (weapon)
   (You found it on level 1 of the Dungeon)
 b - a +0 shortbow
 f - a +0 short sword
   (You took it off a kobold on level 1 of the Dungeon)
Missiles
 c - 3 poisoned darts
 Q - 17 stones (quivered)
Armour
 j - a +0 pair of gloves (worn)
   (You found it on level 2 of the Dungeon)
 m - a +0 scale mail (worn)
   (You found it on level 3 of the Dungeon)
Jewellery
 C - a ring of resist corrosion (left hand)
   (You found it on level 2 of the Dungeon)
 N - a ring of positive energy (right hand)
   (You found it on level 2 of the Dungeon)
Scrolls
 d - 2 scrolls of immolation {!r}
 h - a scroll of blinking
 i - 2 scrolls of identify {@r1}
 k - a scroll of enchant armour
 n - 2 scrolls of noise {!r}
 t - a scroll of teleportation {@r4}
Potions
 e - a potion of mutation {!q}
 g - a potion of brilliance
 l - 2 potions of curing {@q1}


   Skills:
 + Level 3.6 Fighting
 + Level 2.1 Long Blades
 * Level 5.7 Ranged Weapons
 - Level 2.1 Dodging
 - Level 0.7 Stealth


You had 3 spell levels left.
You didn't know any spells.
Your spell library was empty.

Dungeon Overview and Level Annotations

Branches:
Dungeon (3/15)

Altars:

Shops:
D:3 ?

Annotations:
D:3 Ijyb


Innate Abilities, Weirdness & Mutations

You have a pair of horns on your head.
You reflexively headbutt those who attack you in melee.


Message History

o - a scroll of teleportation;
t - a scroll of teleportation Ijyb the Twisted Goblin comes into view.
She is wielding a +1 dagger of protection and carrying a wand of mindburst (13).
Ijyb shouts!
You start waiting.
Ijyb is nearby!
You shoot an arrow. The arrow hits Ijyb but does no damage.
You shoot an arrow. The arrow closely misses Ijyb.
Ijyb zaps a wand.
Your mind is blasted!
a - a +0 long sword (weapon)
You completely miss Ijyb. Your headbutt misses Ijyb.
Ijyb zaps a wand.
Your mind is blasted!
* * * LOW HITPOINT WARNING * * *
You hit Ijyb but do no damage.
Ijyb hits you with a +1 dagger of protection.
* * * LOW HITPOINT WARNING * * *
You hit Ijyb but do no damage. Your headbutt misses Ijyb.
Ijyb barely misses you.
Ijyb hits you with a +1 dagger of protection.
* * * LOW HITPOINT WARNING * * *
You closely miss Ijyb. Your headbutt misses Ijyb. Ijyb barely misses you.
Unknown command.
You barely miss Ijyb. Ijyb hits you but does no damage.
Unknown command.
You closely miss Ijyb.
Ijyb zaps a wand.
You barely resist.
Ijyb hits you with a +1 dagger of protection.
* * * LOW HITPOINT WARNING * * *
You barely miss Ijyb. You headbutt Ijyb, but do no damage.
Ijyb closely misses you. You furiously retaliate!
You headbutt Ijyb! You hit Ijyb but do no damage. Your headbutt misses Ijyb.
Ijyb barely misses you.
You hit Ijyb.
Ijyb hits you with a +1 dagger of protection.
* * * LOW HITPOINT WARNING * * *
Ijyb barely misses you.
You hit Ijyb but do no damage.
Ijyb zaps a wand.
Your mind is blasted!
* * * LOW HITPOINT WARNING * * *
You closely miss Ijyb. Ijyb barely misses you. You furiously retaliate!
You headbutt Ijyb. You hit Ijyb but do no damage. Your headbutt misses Ijyb.
Ijyb hits you but does no damage.
You hit Ijyb.
Ijyb zaps a wand.
Your mind is blasted!
You die...

##. # #.#
#g..#####.#
..#.......#
#..###....#
#.# ##.#.# #.#
#.#.# #.##
##.#.#
#.###g###.#..#
#.....@..#.###
#######.#.##
#.#.# ..#.#
...#.# ......#
#####..# .##
##


You could see Ijyb.

Vanquished Creatures
  A hound (D:3)
  3 adders
  4 dart slugs
  5 endoplasms
  A giant cockroach (D:2)
  5 goblins
  6 hobgoblins
  5 kobolds
  3 quokkas
  5 ball pythons
  3 bats
  5 frilled lizards
  5 rats
51 creatures vanquished.

Notes
Turn   | Place    | Note
-------+----------+-------------------------------------------
     0 | D:1      | Pooter the Minotaur Hunter began the quest for the Orb.
     0 | D:1      | Reached XP level 1. HP: 18/18 MP: 0/0
    48 | D:1      | Found a faded altar of an unknown god.
   183 | D:1      | Reached XP level 2. HP: 25/25 MP: 1/1
   543 | D:1      | Reached skill level 5 in Ranged Weapons
   876 | D:2      | Reached XP level 3. HP: 31/31 MP: 2/2
   922 | D:2      | Reached skill level 1 in Long Blades
  1255 | D:2      | Reached XP level 4. HP: 38/38 MP: 3/3
  1627 | D:3      | Found Emopnaud's Magic Scroll Shop.
  1638 | D:3      | Bought a scroll of identify for 26 gold pieces
  1638 | D:3      | Bought a scroll of identify for 26 gold pieces
  1638 | D:3      | Bought a scroll of identify for 26 gold pieces
  1638 | D:3      | Bought a scroll of identify for 26 gold pieces
  1638 | D:3      | Bought a scroll of identify for 26 gold pieces
  1638 | D:3      | Bought a scroll of identify for 26 gold pieces
  1638 | D:3      | Bought a scroll of noise for 13 gold pieces
  1921 | D:3      | Noticed Ijyb
  1943 | D:3      | Blown up by Ijyb

Illustrated notes

Levels and vault maps discovered:
D:1:      amcnicky_arrival_choice, layout_basic, basic_ecumenical_altar,
          minmay_misc_feat_rows, st_stairs_2, minmay_misc_feat_more_columns,
          grunt_decor_mini_mirrors, minmay_misc_feat_enclosed,
          kennysheep_another_room
D:2:      layout_loops_ring
D:3:      layout_loops_ring, serial_shops, shop, minmay_misc_feat_cross,
          nicolae_nh_oracle_at_delphi, uniq_ijyb

Skill      XL: |  1  2  3  4 |
---------------+-------------+-----
Fighting       | 3 |  3.6
Ranged Weapons | 5 |  5.7
Long Blades    | 1 2 |  2.1
Dodging        | |  2.1
Stealth        | |  0.7

Action                     |  1- 3 |  4- 6 || total
---------------------------+-------+-------++-------
  Melee: Long sword        |    13 |    14 ||    27
         Headbutt          |     2 |     1 ||     3
   Fire: Shortbow          |    76 |    23 ||    99
    Use: Scroll            |       |     6 ||     6
 Armour: Leather armour    |     9 |     1 ||    10
         Scale mail        |       |     5 ||     5
  Dodge: Dodged            |    17 |    10 ||    27

Table legend: (Time is in decaauts)
 A = Elapsed time spent in this place.
 B = Non-inter-level travel time spent in this place.
 C = Inter-level travel time spent in this place.
 D = Time resting spent in this place.
 E = Time spent auto-exploring this place.
 F = Levels seen in this place.
 G = Mean time per level.
                   A        B        C        D        E       F      G
               +--------+--------+--------+--------+--------+-----+--------+
         Total |   1973 |   1947 |     26 |    308 |   1293 |   3 |  657.7 |
       Dungeon |   1973 |   1947 |     26 |    308 |   1293 |   3 |  657.7 |
               +--------+--------+--------+--------+--------+-----+--------+

Top non-repeatable levels by time:
     D:1: 860 daAuts
     D:2: 663 daAuts
     D:3: 448 daAuts
